 Dungeon Crawl Stone Soup version 0.24.0-13-gcf9b319 (webtiles) character file.

Game seed: 4349330505003536988, levelgen mode: deterministic

189 Fang the Skirmisher (level 5, -10/34 HPs)
             Began as a Gargoyle Fighter on Dec 13, 2019.
             Killed from afar by Ijyb (17 damage)
             ... with a bolt of acid
             ... on level 3 of the Dungeon.
             The game lasted 00:01:52 (1399 turns).

Fang the Skirmisher (Gargoyle Fighter)              Turns: 1399, Time: 00:01:52

Health: -10/34     AC:  7    Str: 20    XL:     5   Next: 68%
Magic:  5/5        EV:  7    Int:  9    God:
Gold:   107        SH:  9    Dex:  9    Spells: 4/4 levels left

rFire    . . .     SeeInvis .   a - +0 war axe
rCold    . . .     Gourm    .   c - +0 shield
rNeg     + . .     Faith    .   b - +0 scale mail
rPois    ∞         Spirit   .   (no helmet)
rElec    +         Reflect  .   (no cloak)
rCorr    .         Harm     .   (no gloves)
MR       .....                  (no boots)
Stlth    ..........             h - amulet of the acrobat (curse)
HPRegen  0.11/turn              (no ring)
MPRegen  0.09/turn              (no ring)

@: corroded
A: negative energy resistance 1, electricity resistance, unbreathing,
petrification resistance, rot immunity, AC +4
a: no special abilities


You were on level 3 of the Dungeon.
You were not hungry.

You visited 1 branch of the dungeon, and saw 3 of its levels.

You collected 107 gold pieces.

Inventory:

Hand Weapons
 a - a +0 war axe (weapon)
Armour
 b - a +0 scale mail (worn)
 c - a +0 shield (worn)
Jewellery
 h - a cursed amulet of the acrobat (around neck)
Scrolls
 e - a scroll of enchant weapon {unknown}
 g - 3 scrolls of identify {unknown}
 l - 2 scrolls of remove curse {unknown}
 m - 3 scrolls of teleportation {unknown}
Potions
 d - 2 potions of might
 j - 2 potions of lignification {unknown}
 k - 2 potions of curing {unknown}
 n - a potion of magic {unknown}
Comestibles
 f - 9 rations
 i - 11 chunks of flesh


   Skills:
 + Level 4.4 Fighting
 + Level 2.9 Axes
 + Level 4.4 Armour
 + Level 4.4 Shields


You had 4 spell levels left.
You didn't know any spells.
Your spell library was empty.

Dungeon Overview and Level Annotations

Branches:
Dungeon (3/15)

Altars:

Annotations:
D:3 Ijyb


Innate Abilities, Weirdness & Mutations

You are resistant to torment.
Your stone body is resilient. (AC +4)
You are immune to poison.
You resist negative energy. (rN+)
You are resistant to electric shocks. (rElec)
You can survive without breathing.
You are immune to petrification.
You are immune to rotting.


Message History

You are too injured to fight recklessly!
You are too injured to fight recklessly!
You are too injured to fight recklessly!
You are too injured to fight recklessly!
You are too injured to fight recklessly!
You are too injured to fight recklessly!
You are too injured to fight recklessly!
Ijyb screams, "You nasty!
Big nasty!"
You see here a scroll labeled BUNEBL DARE.
Sorry, you're not good enough to have a special ability.
Unknown command.
Okay, then.
Your shield and scale mail prevent you from hitting Ijyb.
Ijyb hits you but does no damage.
Some of the chunks of flesh in your inventory have rotted away.
You hit Ijyb.
Ijyb is lightly wounded.
Ijyb closely misses you.
Ijyb zaps a wand.
The bolt of acid hits you!
Ouch! That really hurt!
You die...

#.##.# #.##.. #
##<#### #.##..<##
#)#.....###
#.........###
###....^......
..#########....####.#
........g@..##.# #
#.############.# ..#
###


You could see Ijyb.

Vanquished Creatures
  An iguana (D:2)
  Robin (D:3)
  5 adders
  4 worms
  3 dart slugs
  2 leopard geckos (D:2)
  3 orcs (D:3)
  2 ball pythons (D:2)
  5 bats
  3 giant cockroaches
  15 goblins
  6 hobgoblins
  9 jackals
  2 quokkas
  6 frilled lizards
  7 kobolds
  11 rats
85 creatures vanquished.

Notes
Turn   | Place    | Note
-------+----------+-------------------------------------------
     0 | D:1      | Fang the Gargoyle Fighter began the quest for the Orb.
     0 | D:1      | Reached XP level 1. HP: 14/14 MP: 1/1
   200 | D:1      | Reached XP level 2. HP: 19/19 MP: 2/2
   518 | D:2      | Reached XP level 3. HP: 23/23 MP: 3/3
   764 | D:2      | Reached XP level 4. HP: 25/29 MP: 4/4
  1058 | D:2      | Reached XP level 5. HP: 26/33 MP: 5/5
  1188 | D:3      | Noticed Robin
  1206 | D:3      | Killed Robin
  1390 | D:3      | Noticed Ijyb
  1399 | D:3      | Killed from afar by Ijyb

Levels and vault maps discovered:
D:1:      grunt_arrival_lava_bath, layout_rooms
D:2:      layout_basic, st_stairs_10, grunt_ministairs_8,
          kennysheep_pointless_box, chequers_serial_rivers_micro_d,
          minivault_23, interstate_on_off, serial_bayou_pond_a,
          minmay_fractal_squares_5
D:3:      layout_loops_ring, yredelemnul_forgotten_temple_becter, uniq_robin,
          uniq_natasha, uniq_terence, uniq_ijyb

Skill      XL: |  1  2  3  4 |
---------------+-------------+-----
Axes           | 2 |  2.9
Fighting       | 4 |  4.4
Armour         | 4 |  4.4
Shields        | 4 |  4.4

Action                   |  1- 3 |  4- 6 || total
-------------------------+-------+-------++-------
Melee: War axe           |   133 |   113 ||   246
  Eat: Chunk             |       |     2 ||     2
Armor: Scale mail        |    93 |    74 ||   167
Dodge: Dodged            |    55 |    60 ||   115
Block: Shield            |    65 |    88 ||   153
